Map: King's Cove LE

Players

BuRning - Winner!

  • Race: Terran Terran
  • League: Master
  • Spawn Location: 5:00

fps

  • Race: Protoss Protoss
  • Spawn Location: 11:00

Event: 2019 WCS Spring

VOD

Have the link to the VOD?

Description

Time

  • Played on: May 17, 2019, 7:22 a.m.
  • Length: 7:38

All games in this series

Show
View Real Time Build Order
Export as new Build Order

BuRning Terran - Winner!

Build Orders:  

Get SALT Encoding   

  12  0:00  SCV  
  13  0:13  SCV  
  14  0:18  Supply Depot  
  14  0:25  SCV  
  15  0:40  SCV  
  15  0:42  Barracks  
  16  0:48  Refinery  
  16  0:52  SCV  
  17  0:58  Refinery  
  17  1:04  SCV  
  18  1:16  SCV  
  19  1:29  Reaper, Orbital Command  
  20  1:36  Supply Depot  
  20  1:42  Bunker  
  20  1:57  Factory  
  20  2:02  Reaper  
  21  2:09  SCV  
  22  2:21  SCV  
  23  2:34  Reaper  
  24  2:37  SCV  
  25  2:45  Factory Tech Lab  
  25  2:46  Command Center  
  25  3:00  SCV  
  25  3:03  Starport  
  26  3:07  Cyclone  
  28  3:20  SCV  
  28  3:24  Barracks  
  29  3:32  SCV  
  30  3:37  Barracks  
  30  3:40  Starport Tech Lab  
  30  3:56  SCV  
  30  3:57  Siege Tank  
  30  4:00  Orbital Command  
  34  4:05  Raven  
  34  4:08  SCV  
  34  4:20  SCV  
  34  4:21  Marine  
  35  4:26  Marine  
  35  4:28  SCV  
  37  4:31  Siege Tank  
  37  4:35  SCV  
  41  4:39  Marine, Supply Depot  
  41  4:40  Marine  
  41  4:43  SCV  
  44  4:47  SCV, Marine  
  46  4:59  Supply Depot  
  46  5:00  Banshee, Marine  
  46  5:01  SCV  
  46  5:02  Marine  
  46  5:05  Marine  
  53  5:07  SCV  
  54  5:19  Supply Depot  
  54  5:20  SCV x2, Siege Tank, Marine x2  
  61  5:24  Supply Depot  
  61  5:25  Marine  
  62  5:40  SCV x2, Marine x2  
  66  5:42  Marine  
  66  5:43  Supply Depot  
  66  5:44  Banshee  
  70  5:52  Siege Tank  
  70  5:53  SCV x2  
  75  5:58  Marine x2  
  75  5:59  Engineering Bay  
  75  6:00  Marine  
  78  6:05  SCV x2, Supply Depot  
  80  6:16  Marine  
  80  6:17  SCV x2  
  83  6:22  Marine x2  
  85  6:26  Siege Tank  
  85  6:31  Banshee  
  85  6:32  SCV  
  92  6:36  Refinery  
  92  6:41  Bunker  
  92  6:42  Bunker  
  94  6:48  Bunker  
  92  6:57  SCV  
  92  6:58  SCV  
  92  6:59  Command Center, Barracks Tech Lab  
  92  7:00  Barracks Reactor  
  84  7:11  SCV  
  84  7:15  SCV  
  87  7:23  SCV  
  88  7:36  Barracks  
  88  7:37  Refinery, Barracks, Supply Depot  
Show
View Real Time Build Order
Export as new Build Order

fps Protoss 

Build Orders: Zealot Archon 

Get SALT Encoding   

  12  0:02  Probe  
  13  0:14  Probe  
  13  0:18  Pylon  
  14  0:26  Probe  
  15  0:38  Probe  
  15  0:41  Gateway  
  16  0:46  Probe  
  16  0:52  Assimilator  
  16  0:54  Probe  
  18  1:05  Probe  
  19  1:17  Probe  
  20  1:28  Cybernetics Core  
  20  1:32  Probe  
  21  1:36  Assimilator, Pylon  
  21  1:47  Probe  
  22  1:55  Stalker  
  22  2:03  Probe  
  22  2:06  Warp Gate  
  24  2:15  Probe  
  22  2:25  Stalker  
  23  2:33  Probe, Shield Battery  
  24  2:44  Twilight Council  
  24  2:45  Probe  
  24  2:46  Gateway  
  25  2:58  Stalker  
  25  3:02  Probe  
  28  3:14  Probe  
  29  3:26  Probe  
  30  3:40  Nexus, Probe  
  31  3:47  Pylon  
  31  4:05  Sentry, Probe  
  34  4:11  Forge  
  34  4:14  Charge  
  32  4:17  Probe  
  33  4:29  Probe  
  34  4:35  Templar Archives  
  34  4:41  Probe  
  35  4:45  Gateway  
  35  4:47  Protoss Ground Weapons Level 1  
  35  4:49  Probe  
  35  4:53  Probe  
  35  4:57  Probe  
  37  5:06  Probe  
  39  5:07  Probe  
  39  5:12  High Templar  
  42  5:14  High Templar  
  42  5:18  Assimilator, Probe  
  42  5:19  Probe, Archon  
  46  5:25  Phoenix  
  46  5:30  Probe  
  46  5:31  Probe  
  48  5:42  Probe  
  49  5:43  Probe  
  50  5:54  Probe  
  50  5:55  Nexus  
  50  5:56  Probe  
  52  5:57  Pylon  
  52  5:58  Robotics Facility  
  52  6:00  Forge  
  52  6:06  Assimilator, Probe  
  52  6:08  Probe  
  54  6:15  Pylon  
  54  6:18  High Templar x2, Probe  
  58  6:20  Probe  
  59  6:36  Pylon x2  
  59  6:38  High Templar, Pylon, Archon  
  61  6:43  Pylon  
  61  6:56  Zealot x2  
  55  7:13  Zealot  
  55  7:14  Zealot  
  49  7:18  Zealot  
  55  7:23  Gateway  
  55  7:25  Gateway  
  55  7:26  Gateway  
  55  7:29  Gateway  
  49  7:35  Pylon  
Tags
 
Add a new tag
Caveats
  • Supply blocks, unpowered buildings, or Contaminate may cause inaccurate times.
  • Supply counts are checked every 10 seconds.